 Dungeon Crawl Stone Soup version 0.28.0-1-gb440e238dd (webtiles) character file.

Game seed: 6003989111725797585

121 Ablot the Grasshopper (level 5, -5/43 HPs)
             Began as a Gnoll Warper on Feb 21, 2022.
             Slain by Natasha (6 damage)
             ... on level 2 of the Dungeon.
             The game lasted 00:02:37 (1858 turns).

Ablot the Grasshopper (Gnoll Warper)                Turns: 1858, Time: 00:02:37

Health: -5/43      AC:  3    Str: 13    XL:     5   Next: 5%
Magic:  21/21      EV: 12    Int: 12    God:
Gold:   54         SH:  0    Dex: 11    Spells: 12/14 levels left

rFire   . . .      SeeInvis .   p - +2 hand axe (elec)
rCold   . . .      Faith    .   (no shield)
rNeg    . . .      Spirit   .   b - +0 leather armour
rPois   .          Reflect  .   (no helmet)
rElec   .          Harm     .   (no cloak)
rCorr   .          Rampage  .   (no gloves)
Will    .....                   (no boots)
Stlth   +.........              (no amulet)
HPRegen 0.14/turn               r - ring of magical power
MPRegen 0.17/turn               (no ring)

@: no status effects
A: fangs 1, strong nose, distributed training
a: no special abilities


You were on level 2 of the Dungeon.
You visited 1 branch of the dungeon, and saw 2 of its levels.

You collected 54 gold pieces.

Inventory:

Hand Weapons
 a - a +0 spear
 p - a +2 hand axe of electrocution (weapon)
Missiles
 d - 5 boomerangs of dispersal
 g - 70 stones
 i - 23 bolts
 k - 6 poisoned darts (quivered)
Armour
 b - a +0 leather armour (worn)
Jewellery
 r - a ring of magical power (left hand)
Scrolls
 c - 2 scrolls of blinking
 e - 3 scrolls of identify {unknown}
 h - 2 scrolls of vulnerability {unknown}
 m - a scroll of brand weapon {unknown}
 n - a scroll of enchant armour {unknown}
 o - 3 scrolls of summoning {unknown}
 q - a scroll of teleportation {unknown}
Potions
 f - a potion of attraction {unknown}
 j - a potion of cancellation {unknown}
 l - 2 potions of haste {unknown}


   Skills:
 + Level 4.7 Fighting
 + Level 1.3 Short Blades
 + Level 1.3 Long Blades
 + Level 1.3 Axes
 + Level 1.3 Maces & Flails
 + Level 4.7 Polearms
 + Level 1.3 Staves
 + Level 1.3 Slings
 + Level 1.3 Bows
 + Level 1.3 Crossbows
 + Level 2.9 Throwing
 + Level 2.9 Armour
 + Level 4.7 Dodging
 + Level 1.3 Stealth
 + Level 1.3 Shields
 + Level 1.3 Unarmed Combat
 + Level 5.1 Spellcasting
 + Level 1.1 Conjurations
 + Level 1.1 Hexes
 + Level 1.1 Summonings
 + Level 1.1 Necromancy
 + Level 5.5 Translocations
 + Level 1.1 Transmutations
 + Level 1.1 Fire Magic
 + Level 1.1 Ice Magic
 + Level 1.1 Air Magic
 + Level 1.1 Earth Magic
 + Level 1.1 Poison Magic
 + Level 1.5 Invocations
 + Level 1.3 Evocations


You had 12 spell levels left.
You knew the following spells:

 Your Spells              Type           Power      Damage    Failure   Level
a - Blink                 Tloc           32%        N/A       4%          2

Your spell library contained the following spells:

 Spells                   Type           Power      Damage    Failure   Level
 Gell's Gravitas          Tloc           16%        N/A       8%          3
 Lesser Beckoning         Tloc           16%        N/A       8%          3
 Teleport Other           Tloc           16%        N/A       8%          3
 Manifold Assault         Tloc           16%        N/A       58%         5


Dungeon Overview and Level Annotations

Branches:
Dungeon (2/15)

Altars:

Annotations:
D:2 1 runed translucent door, Crazy Yiuf, Natasha


Innate Abilities, Weirdness & Mutations

You have very sharp teeth.
Your uncanny sense of smell can sniff out nearby items.
Your experience applies equally to all skills.


Message History

You hit the iron imp but do no damage. You closely miss Natasha.
Natasha claws you.
The iron imp hits you but does no damage.
You hit the iron imp.
The iron imp is lightly wounded.
You barely miss Natasha. Natasha misses you. The iron imp hits you!
Natasha claws you!
You slash the iron imp!
The iron imp is severely wounded.
You completely miss Natasha. Natasha claws you. The iron imp hits you.
You are too injured to fight recklessly!
You closely miss Natasha. You closely miss the iron imp.
Natasha howls an incantation.
Natasha's front paws start to glow.
Natasha claws you. The iron imp hits you.
You slash Natasha!
Natasha is heavily wounded.
You hit the iron imp but do no damage. Natasha barely misses you.
The iron imp hits you.
* * * LOW HITPOINT WARNING * * *
You hit Natasha.
Natasha is severely wounded.
You hit the iron imp but do no damage. Natasha barely misses you.
The iron imp closely misses you.
You closely miss Natasha.
Natasha is severely wounded.
You hit the iron imp but do no damage. Natasha claws you.
* * * LOW HITPOINT WARNING * * *
Natasha claws you.
* * * LOW HITPOINT WARNING * * *
The iron imp closely misses you.
You hit Natasha.
Natasha is almost dead.
You barely miss the iron imp. Natasha claws you but does no damage.
The iron imp closely misses you.
Unknown command.
You hit Natasha.
Natasha is almost dead.
You hit the iron imp. Natasha claws you.
You die...

#######..
..#.>..............#. #..#
#.#.......#####.#..#. #..#
#.#.......#.......... ##..#
#.......#.#.#.#....#.
....###.............#......
##...'.....).#.#...#......
#####.......#.#...'......
#.......#'#...#.#...#
#...@5........#.#....
........h........'......
###.............<#.##...
.................#.##...
###.#####........#.##...
... #.....####.##... ####
#.....# #.##... ####.##
#.##.). #.# #.##...


You could see an iron imp (summoned) and Natasha.

Vanquished Creatures
  Natasha (twice) (D:2)
  An adder (D:2)
  A dart slug (D:1)
  4 endoplasms
  5 giant cockroaches
  4 goblins
  5 hobgoblins
  11 jackals
  2 quokkas
  5 ball pythons
  3 bats
  A frilled lizard (D:1)
  5 kobolds
  8 rats
57 creatures vanquished.

Notes
Turn   | Place    | Note
-------+----------+-------------------------------------------
     0 | D:1      | Ablot the Gnoll Warper began the quest for the Orb.
     0 | D:1      | Reached XP level 1. HP: 20/20 MP: 6/6
    94 | D:1      | Found a faded altar of an unknown god.
   153 | D:1      | Reached XP level 2. HP: 24/26 MP: 7/7
   156 | D:1      | Learned a level 2 spell: Blink
   632 | D:1      | Reached XP level 3. HP: 25/31 MP: 9/9
   640 | D:1      | Reached skill level 5 in Spellcasting
   836 | D:1      | Reached skill level 1 in Invocations
  1228 | D:2      | Reached skill level 1 in Short Blades
  1228 | D:2      | Reached skill level 1 in Long Blades
  1228 | D:2      | Reached skill level 1 in Axes
  1228 | D:2      | Reached skill level 1 in Maces & Flails
  1228 | D:2      | Reached skill level 1 in Staves
  1228 | D:2      | Reached skill level 1 in Slings
  1228 | D:2      | Reached skill level 1 in Bows
  1228 | D:2      | Reached skill level 1 in Crossbows
  1228 | D:2      | Reached skill level 1 in Stealth
  1228 | D:2      | Reached skill level 1 in Shields
  1228 | D:2      | Reached skill level 1 in Unarmed Combat
  1228 | D:2      | Reached skill level 1 in Evocations
  1228 | D:2      | Reached XP level 4. HP: 38/38 MP: 11/11
  1406 | D:2      | Noticed Natasha
  1409 | D:2      | Killed Natasha
  1410 | D:2      | Reached skill level 1 in Conjurations
  1410 | D:2      | Reached skill level 1 in Hexes
  1410 | D:2      | Reached skill level 1 in Summonings
  1410 | D:2      | Reached skill level 1 in Necromancy
  1410 | D:2      | Reached skill level 1 in Transmutations
  1410 | D:2      | Reached skill level 1 in Fire Magic
  1410 | D:2      | Reached skill level 1 in Ice Magic
  1410 | D:2      | Reached skill level 1 in Air Magic
  1410 | D:2      | Reached skill level 1 in Earth Magic
  1410 | D:2      | Reached skill level 1 in Poison Magic
  1421 | D:2      | Found a runed translucent door.
  1422 | D:2      | Noticed Crazy Yiuf
  1533 | D:2      | Noticed Natasha
  1539 | D:2      | Killed Natasha
  1540 | D:2      | Reached XP level 5. HP: 43/43 MP: 12/12
  1844 | D:2      | Noticed Natasha
  1856 | D:2      | HP: 1/43 [Natasha (4)]
  1858 | D:2      | Slain by Natasha

Illustrated notes

Levels and vault maps discovered:
D:1:      ebering_trefoil_3fold, layout_rooms, ebering_ecumenical_altar_ruins
D:2:      layout_basic, uniq_crazy_yiuf_cottage, uniq_natasha

Skill      XL: |  1  2  3  4 |
---------------+-------------+-----
Spellcasting   | 5 |  5.1
Invocations    | 1 |  1.5
Short Blades   | 1 |  1.3
Long Blades    | 1 |  1.3
Axes           | 1 |  1.3
Maces & Flails | 1 |  1.3
Staves         | 1 |  1.3
Slings         | 1 |  1.3
Bows           | 1 |  1.3
Crossbows      | 1 |  1.3
Stealth        | 1 |  1.3
Shields        | 1 |  1.3
Unarmed Combat | 1 |  1.3
Evocations     | 1 |  1.3
Conjurations   | 1 |  1.1
Hexes          | 1 |  1.1
Summonings     | 1 |  1.1
Necromancy     | 1 |  1.1
Transmutations | 1 |  1.1
Fire Magic     | 1 |  1.1
Ice Magic      | 1 |  1.1
Air Magic      | 1 |  1.1
Earth Magic    | 1 |  1.1
Poison Magic   | 1 |  1.1
Fighting       | |  4.7
Polearms       | |  4.7
Throwing       | |  2.9
Armour         | |  2.9
Dodging        | |  4.7
Translocations | |  5.5

Action                   |  1- 3 |  4- 6 || total
-------------------------+-------+-------++-------
Melee: Spear             |   146 |    12 ||   158
       Bite              |     9 |     2 ||    11
       Punch             |     3 |       ||     3
       Hand axe          |       |    36 ||    36
 Stab: Distracted        |       |     1 ||     1
Armor: Leather armour    |    25 |    14 ||    39
Dodge: Dodged            |    63 |    26 ||    89
